 Dungeon Crawl Stone Soup version 0.27.1-2-g3b301248ec (webtiles) character file.

Game seed: 5709331064655593867

35 Urokeeper the Sneak (level 3, 0/32 HPs)
             Began as a Deep Dwarf Brigand on Sept 30, 2021.
             Slain by Terence (5 damage)
             ... on level 2 of the Dungeon.
             The game lasted 00:05:45 (967 turns).

Urokeeper the Sneak (Deep Dwarf Brigand)             Turns: 967, Time: 00:05:46

Health: 0/32       AC:  3    Str: 14    XL:     3   Next: 17%
Magic:  2/2        EV: 12    Int: 11    God:
Gold:   28         SH:  0    Dex: 15    Spells: 2/2 levels left

rFire    . . .     SeeInvis .   g - +0 dagger (speed)
rCold    . . .     Faith    .   (no shield)
rNeg     . . .     Spirit   .   b - +0 robe
rPois    .         Reflect  .   (no helmet)
rElec    .         Harm     .   c - +0 cloak
rCorr    .         Rampage  .   (no gloves)
Will     .....                  (no boots)
Stlth    +++.......             (no amulet)
HPRegen  0.00/turn              (no ring)
MPRegen  0.08/turn              (no ring)

@: mighty
A: damage resistance, heal wounds, sense surroundings 1, no regeneration
a: Heal Wounds


You were on level 2 of the Dungeon.
You visited 1 branch of the dungeon, and saw 2 of its levels.

You collected 28 gold pieces.

Inventory:

Hand Weapons
 a - a +2 dagger
 g - a +0 dagger of speed (weapon)
Missiles
 d - 8 poisoned darts (quivered)
 e - 2 curare-tipped darts
Armour
 b - a +0 robe (worn)
 c - a +0 cloak (worn)
Scrolls
 j - a scroll of teleportation
Potions
 h - a potion of ambrosia
 i - a potion of brilliance
 k - a potion of magic {unknown}
 l - a potion of haste {unknown}


   Skills:
 + Level 2.1 Fighting
 + Level 2.0 Short Blades
 - Level 0.4(1.4) Long Blades
 - Level 1.7 Throwing
 + Level 1.2 Armour
 + Level 1.8 Dodging
 + Level 5.1 Stealth


You had 2 spell levels left.
You didn't know any spells.
Your spell library was empty.

Dungeon Overview and Level Annotations

Branches:
Dungeon (2/15)

Altars:
Okawaru

Shops:
D:1 [

Annotations:
D:2 Terence


Innate Abilities, Weirdness & Mutations

You are resistant to damage.
You can heal yourself by infusing magical energy.
You passively map a small area around you.
You do not regenerate.


Message History

The worm closely misses you.
You hit the worm but do no damage.
The worm is moderately wounded.
You hit the worm.
The worm is heavily wounded.
You hit the worm but do no damage.
The worm is heavily wounded.
The worm bites you!
You feel very mighty all of a sudden.
You hit the worm.
The worm is severely wounded.
The worm bites you.
You hit the worm.
The worm is almost dead.
You hit the worm.
You kill the worm!
You closely miss the kobold. You puncture the kobold!
You kill the kobold!
You hit Terence but do no damage. You barely miss Terence. Terence misses you.
You barely miss Terence. You hit Terence but do no damage.
Terence closely misses you.
You puncture Terence!
Terence is heavily wounded.
Terence barely misses you.
You puncture Terence!
Terence is almost dead.
You hit Terence but do no damage.
Terence is almost dead.
Terence hits you with a +3 vorpal falchion!
You hit Terence but do no damage.
Terence is almost dead.
You hit Terence.
Terence is almost dead.
Terence hits you with a +3 vorpal falchion!
* * * LOW HITPOINT WARNING * * *
You fail to use your ability.
Terence hits you with a +3 vorpal falchion!
You die...

** #... , #.._. * #####
..... * ########.... , ...,,
, ............ * #.#### *
########....
#####....###############....
..........@@................
* ,
#####...###################
* #...# , #..@# ,, #...# *
#...# , * #...#* * , * ,,,
....., , , * #######**


You could see Terence.

Vanquished Creatures
  A worm (D:2)
  A dart slug (D:1)
  3 bats
  5 endoplasms (D:1)
  4 goblins (D:1)
  A hobgoblin (D:1)
  A jackal (D:2)
  2 quokkas (D:1)
  3 kobolds
  6 rats (D:1)
27 creatures vanquished.

Notes
Turn   | Place    | Note
-------+----------+-------------------------------------------
     0 | D:1      | Urokeeper the Deep Dwarf Brigand began the quest for the
                  | Orb.
     0 | D:1      | Reached XP level 1. HP: 19/19 MP: 1/1
    14 | D:1      | Found Gityink's Antique Armour Shoppe.
   105 | D:1      | Reached skill level 5 in Stealth
   105 | D:1      | Reached XP level 2. HP: 13/26 MP: 2/2
   455 | D:1      | Reached skill level 1 in Armour
   881 | D:2      | Reached XP level 3. HP: 22/32 MP: 2/2
   929 | D:2      | Found an iron altar of Okawaru.
   935 | D:2      | Noticed Terence
   967 | D:2      | Slain by Terence

Illustrated notes

Levels and vault maps discovered:
D:1:      ncdulo_wetmaze, layout_loops_cross, serial_shops, shop
D:2:      layout_basic, basic_ecumenical_altar, basic_altar, uniq_sigmund,
          uniq_terence

Skill      XL: |  1  2 |
---------------+-------+-----
Stealth        | 5 |  5.1
Fighting       | 2 |  2.1
Armour         | 1 |  1.2
Short Blades   | 2 |  2.0
Long Blades    | |  0.4
Throwing       | |  1.7
Dodging        | |  1.8

Action                   || total
-------------------------++-------
Melee: Dagger            ||   107
 Abil: Heal Wounds       ||     2
  Use: Scroll            ||     4
       Potion            ||     1
 Stab: Sleeping          ||    11
Armor: Robe              ||    16
Dodge: Dodged            ||    46
